 Dungeon Crawl Stone Soup version 0.27-a0-931-g5a74e75d8f (webtiles) character file.

Game seed: 4490639728622025257

14 Alarkh the Insei (level 2, 0/23 HPs)
             Began as a Demonspawn Gladiator on Apr 10, 2021.
             Slain by a goblin
             ... wielding a +0 dagger
              (4 damage)
             ... on level 1 of the Dungeon.
             The game lasted 00:00:32 (550 turns).

Alarkh the Insei (Demonspawn Gladiator)              Turns: 550, Time: 00:00:32

Health: 0/23       AC:  3    Str: 14    XL:     2   Next: 31%
Magic:  2/2        EV: 12    Int:  9    God:
Gold:   14         SH:  0    Dex: 14    Spells: 1/1 levels left

rFire    . . .     SeeInvis .     - Unarmed
rCold    . . .     Faith    .   (no shield)
rNeg     . . .     Spirit   .   a - +0 leather armour
rPois    .         Reflect  .   (helmet restricted)
rElec    .         Harm     .   (no cloak)
rCorr    .         Rampage  .   (no gloves)
Will     ++...                  (no boots)
Stlth    +.........             (no amulet)
HPRegen  0.07/turn              e - ring of willpower
MPRegen  0.08/turn              d - ring of willpower

@: no status effects
A: horns 1
a: no special abilities


You were on level 1 of the Dungeon.
You visited 1 branch of the dungeon, and saw 1 of its levels.

You collected 14 gold pieces.

Inventory:

Missiles
 c - 4 throwing nets (quivered)
Armour
 a - a +0 leather armour (worn)
 b - a +0 helmet
Jewellery
 d - a ring of willpower (right hand)
 e - a ring of willpower (left hand)
 g - a +4 ring of evasion
Scrolls
 f - a scroll of amnesia {unknown}


   Skills:
 + Level 2.3 Fighting
 - Level 1.7 Throwing
 - Level 2.6 Dodging
 * Level 3.2 Unarmed Combat


You had one spell level left.
You didn't know any spells.
Your spell library was empty.

Dungeon Overview and Level Annotations

Branches:
Dungeon (1/15)

Altars:


Innate Abilities, Weirdness & Mutations

You have a pair of small horns on your head.


Message History

The quokka closely misses you.
You closely miss the quokka. The quokka barely misses you.
You barely miss the quokka. Your punch misses the quokka.
The quokka misses you.
You completely miss the quokka. The quokka completely misses you.
You hit the quokka.
You kill the quokka!
You have reached level 2!
Your demonic ancestry asserts itself...
A pair of horns grows on your head!
Your +0 helmet falls away!
You hit the goblin.
You kill the goblin!
The kobold throws a stone.
The stone closely misses you. The kobold hits you with a +0 dagger.
* * * LOW HITPOINT WARNING * * *
Things that are here:
a +0 dagger; a goblin corpse; a quokka corpse You hit the kobold.
You kill the kobold!
You barely miss the dart slug. You headbutt the dart slug.
The dart slug is heavily wounded.
You hit the dart slug. You headbutt the dart slug.
You kill the dart slug!
Things that are here:
a +0 dagger; a stone; a kobold corpse
g - a +4 ring of evasion A goblin comes into view.
It is wielding a +0 dagger.
You are too injured to fight recklessly!
The goblin shouts!
You hear an angry hiss.
A goblin comes into view. It is wielding a +0 dagger.
The goblin shouts!
A bat comes into view.
You hit the bat but do no damage. The bat closely misses you.
The bat barely misses you. The goblin closely misses you.
You barely miss the goblin. Your headbutt misses the goblin.
The bat hits you but does no damage. The goblin hits you with a +0 dagger.
* * * LOW HITPOINT WARNING * * *
The goblin hits you with a +0 dagger.
You die...

.............# .####
...............#.# .....
...............#.#######
........................
.................#######
.................#####
.................#...#
......gg.........#.#.#
.......@.........#.#.#
........b........#.#.#
.........(.......#)#.#
.................#)#.#
................>..#.#
........$........###.#
.................# #.#
.................# #.###
.............# #....


You could see 2 goblins and a bat.

Vanquished Creatures
  A dart slug (D:1)
  2 goblins (D:1)
  A hobgoblin (D:1)
  A kobold (D:1)
  2 quokkas (D:1)
  A bat (D:1)
  2 frilled lizards (D:1)
  2 rats (D:1)
12 creatures vanquished.

Notes
Turn   | Place    | Note
-------+----------+-------------------------------------------
     0 | D:1      | Alarkh the Demonspawn Gladiator began the quest for the
                  | Orb.
     0 | D:1      | Reached XP level 1. HP: 16/16 MP: 1/1
   379 | D:1      | Reached skill level 3 in Unarmed Combat
   529 | D:1      | Gained mutation: You have a pair of small horns on your
                  | head. [demonic ancestry]
   529 | D:1      | Reached XP level 2. HP: 8/22 MP: 2/2
   550 | D:1      | Slain by a goblin

Illustrated notes

Levels and vault maps discovered:
D:1:      eino_arrival_tree_alley, layout_basic, wad_floor_pattern_2,
          kennysheep_doodads

Skill      XL: |  1 |
---------------+----+-----
Unarmed Combat | 3 |  3.2
Fighting       | |  2.3
Throwing       | |  1.7
Dodging        | |  2.6

Action                   || total
-------------------------++-------
Melee: Unarmed           ||    60
       Punch             ||     1
       Headbutt          ||     2
Armor: Leather armour    ||    19
Dodge: Dodged            ||    58

Table legend: (Time is in decaauts)
 A = Elapsed time spent in this place.
 B = Non-inter-level travel time spent in this place.
 C = Inter-level travel time spent in this place.
 D = Time resting spent in this place.
 E = Time spent auto-exploring this place.
 F = Levels seen in this place.
 G = Mean time per level.
                   A        B        C        D        E       F      G
               +--------+--------+--------+--------+--------+-----+--------+
         Total |    546 |    541 |      5 |    190 |    246 |   1 |  546.0 |
       Dungeon |    546 |    541 |      5 |    190 |    246 |   1 |  546.0 |
               +--------+--------+--------+--------+--------+-----+--------+

Top non-repeatable levels by time:
     D:1: 546 daAuts
